 Dungeon Crawl Stone Soup version 0.27.1-33-g824d729ab1 (webtiles) character file.

Game seed: 2341470904978693903

71726 pkoi the Black Belt (level 14, -27/132 HPs)
             Began as a Yellow Draconian Monk on Dec 16, 2021.
             Was a High Priest of Okawaru.
             Annihilated by a dire elephant simulacrum (39 damage)
             ... in an ice cave.
             The game lasted 00:43:15 (25760 turns).

pkoi the Black Belt (Yellow Draconian Monk)        Turns: 25760, Time: 00:43:15

Health: -27/132    AC: 15    Str: 13    XL:     14   Next: 98%
Magic:  20/22      EV: 24    Int: 23    God:    Okawaru [*****.]
Gold:   2597       SH: 10    Dex: 20    Spells: 11/24 levels left

rFire    . . .     SeeInvis .     - Unarmed
rCold    . . .     Faith    .   r - +3 warlock's mirror {reflect}
rNeg     . . .     Spirit   .   (armour unavailable)
rPois    +         Reflect  +   o - +2 hat
rElec    +         Harm     .   L - +0 cloak {rPois}
rCorr    +         Rampage  .   k - +1 pair of gloves
Will     ++...     NoCast   +   F - +1 pair of boots of Weirdness {-Cast Will+ Dex+7}
Stlth    +++++.....             G - amulet "Tusueky" {rElec Regen+ Stlth+}
HPRegen  1.32/turn              O - +4 ring of slaying
MPRegen  0.18/turn              C - +6 ring of intelligence

@: short of breath, heroic
A: spit acid, AC +8, unfitting armour, acidic bite, cold-blooded, acid
resistance
a: Breathe Acid, Renounce Religion, Heroism, Finesse


You were in an ice cave.
You worshipped Okawaru.
Okawaru was extremely pleased with you.
You visited 3 branches of the dungeon, and saw 19 of its levels.
You also visited: Sewer, Ossuary, Ice Cave and Volcano.

You collected 4082 gold pieces.
You spent 1485 gold pieces at shops.

Inventory:

Hand Weapons
 a - a +0 whip
 n - the +10 dagger of Oreuj {venom, +Blink rF++ rC- Int+4}
   (You found it on level 5 of the Dungeon)

   It poisons the flesh of those it strikes.
   Int:       It affects your intelligence (+4).
   rF:        It greatly protects you from fire.
   rC:        It makes you vulnerable to cold.
   +Blink:    It lets you blink.
Missiles
 c - 72 poisoned darts (quivered)
 m - 16 javelins
 x - 16 curare-tipped darts
 z - 3 throwing nets
 M - 21 boomerangs
 T - 7 boomerangs of dispersal
Armour
 k - a +1 pair of gloves (worn)
 o - a +2 hat (worn)
 r - the +3 warlock's mirror (worn) {reflect}
   (You found it on level 6 of the Dungeon)

   It can block and reflect piercing ranged attacks and magical attacks against
   the wielder's willpower.
 F - the +1 pair of boots of Weirdness (worn) {-Cast Will+ Dex+7}
   (Okawaru gifted it to you on level 2 of the Lair of Beasts)

   Dex:       It affects your dexterity (+7).
   -Cast:     It prevents spellcasting.
   Will:      It increases your willpower.
 L - a +0 cloak of poison resistance (worn)
 N - a +1 cloak of fire resistance
Magical Staves
 S - a staff of conjuration
Jewellery
 C - a +6 ring of intelligence (right hand)
 G - the amulet "Tusueky" (around neck) {rElec Regen+ Stlth+}
   (You acquired it on level 8 of the Dungeon)

   [amulet of regeneration]

   rElec:     It insulates you from electricity.
   Regen:     It increases your rate of health regeneration.
   Stlth:     It makes you more stealthy.
 O - a +4 ring of slaying (left hand)
 U - a ring of positive energy
Wands
 h - a wand of acid (15)
 p - a wand of iceblast (16)
 v - a wand of charming (10)
 E - a wand of digging (18)
 I - a wand of mindburst (19)
 P - a wand of flame (51)
 V - a wand of polymorph (7)
Scrolls
 g - 11 scrolls of teleportation
 u - 2 scrolls of enchant weapon
 y - 2 scrolls of fear
 A - 10 scrolls of identify
 B - 2 scrolls of fog
 D - 2 scrolls of enchant armour
 H - 2 scrolls of magic mapping
 K - a scroll of summoning
 Q - 3 scrolls of amnesia
 R - 4 scrolls of blinking
Potions
 b - 9 potions of haste
 d - 4 potions of might
 e - 2 potions of heal wounds
 f - 3 potions of resistance
 i - 3 potions of brilliance
 j - 2 potions of cancellation
 l - 7 potions of curing
 q - 3 potions of lignification
 s - a potion of invisibility
 t - 3 potions of berserk rage
 w - a potion of mutation
 J - 2 potions of ambrosia


   Skills:
 - Level 14.0(19.0) Fighting
 + Level 6.4(11.4) Throwing
 + Level 10.9(15.9) Dodging
 - Level 1.7(6.7) Stealth
 - Level 4.0(9.0) Shields
 + Level 16.9(21.9) Unarmed Combat
 - Level 5.6 Spellcasting
 - Level 4.3 Conjurations
 - Level 3.4 Hexes
 + Level 1.5 Transmutations
 - Level 5.9 Air Magic
 - Level 4.2 Poison Magic
 + Level 4.5 Invocations


You had 11 spell levels left.
You knew the following spells:

 Your Spells              Type           Power      Damage    Failure   Level
a - Mephitic Cloud        Conj/Pois/Air  28%        N/A       3%          3
b - Silence               Hex/Air        14%        N/A       34%         5
c - Blade Hands           Tmut           6%         N/A       78%         5

Your spell library contained the following spells:

 Spells                   Type           Power      Damage    Failure   Level
 Magic Dart               Conj           100%       1d8       1%          1
 Dazzling Flash           Conj/Hex       48%        N/A       5%          3
 Tukima's Dance           Hex            22%        N/A       6%          3
 Ensorcelled Hibernation  Hex/Ice        28%        N/A       7%          2
 Animate Skeleton         Necr           12%        N/A       9%          1
 Pain                     Necr           24%        1d5       9%          1
 Spider Form              Tmut/Pois      9%         N/A       9%          3
 Call Imp                 Summ           6%         N/A       14%         2
 Ozocubu's Armour         Ice            6%         N/A       26%         3
 Vampiric Draining        Necr           3%         2d6       26%         3
 Irradiate                Conj/Tmut      9%         3d16      58%         5
 Passage of Golubria      Tloc           N/A        N/A       65%         4
 Yara's Violent Unravell  Hex/Tmut       9%         3d6       65%         5
 Metabolic Englaciation   Hex/Ice        7%         N/A       77%         5
 Agony                    Necr           6%         N/A       94%         5
 Shadow Creatures         Summ           N/A        N/A       100%        6
 Simulacrum               Ice/Necr       3%         N/A       100%        6
 Dragon Form              Tmut           6%         N/A       100%        7
 Ozocubu's Refrigeration  Ice            3%         4d5       100%        7
 Disjunction              Tloc           3%         N/A       100%        8
 Chain Lightning          Conj/Air       15%        3d20      100%        9


Dungeon Overview and Level Annotations

Branches:
Dungeon (12/15)            Temple (1/1) D:4            Lair (6/6) D:10
 Shoals (0/4) Lair:3        Snake (0/4) Lair:4        Slime (0/5) Lair:6
    Orc (0/2) D:10          Sewer (visited)         Ossuary (visited)
  IceCv (1/1)             Volcano (visited)

Altars:
Ashenzari
Cheibriados
Dithmenos
Elyvilon
Fedhas
Gozag
Hepliaklqana
Kikubaaqudgha
Makhleb
Nemelex Xobeh
Okawaru
Qazlal
Ru
Sif Muna
Trog
Uskayaw
Vehumet
Wu Jian
Xom
Yredelemnul
Zin
The Shining One
Beogh
Jiyva

Shops:
D:1 ?   D:3 ?   D:11 *:*

Annotations:
D:9 3 runed translucent doors, zeram's ghost, novice SpHu
Lair:1 exclusion: ice dragon


Innate Abilities, Weirdness & Mutations

You can spit globs of acid.
Your golden yellow scales are hard. (AC +8)
You cannot fit into any form of body armour.
You have acidic saliva.
You are cold-blooded and may be slowed by cold attacks.
You are resistant to acid. (rCorr)


Message History

Press: ? - help, Shift-Dir - straight line, f - spriggan simulacrum
Aim: a spriggan simulacrum (freezing vapour)
You spit a glob of acid.
The glob of acid hits the spriggan simulacrum!!
The spriggan simulacrum is splashed with acid!
The acid corrodes the spriggan simulacrum!
The spriggan simulacrum vaporises!
Okawaru accepts your kill.
You feel yourself speed up.
You block the dire elephant simulacrum's attack.
The dire elephant simulacrum trunk-slaps you but does no damage.
You punch the dire elephant simulacrum! You bite the dire elephant simulacrum.
The dire elephant simulacrum is splashed with acid.
The dire elephant simulacrum is heavily damaged.
You hit the dire elephant simulacrum.
The dire elephant simulacrum is heavily damaged.
The dire elephant simulacrum tramples you!
The dire elephant simulacrum freezes you!!
You feel yourself slow down.
You block the dire elephant simulacrum's attack.
You hit the dire elephant simulacrum but do no damage.
You tail-slap the dire elephant simulacrum, but do no damage.
The dire elephant simulacrum is heavily damaged.
The dire elephant simulacrum tramples you.
The dire elephant simulacrum freezes you!
* * * LOW HITPOINT WARNING * * *
The dire elephant simulacrum trunk-slaps you.
* * * LOW HITPOINT WARNING * * *
The dire elephant simulacrum freezes you!!
* * * LOW HITPOINT WARNING * * *
You hit the dire elephant simulacrum.
You bite the dire elephant simulacrum, but do no damage.
The dire elephant simulacrum is heavily damaged.
You feel yourself speed up.
Unknown command.
You gain the combat prowess of a mighty hero.
The dire elephant simulacrum tramples you!
* * * LOW HITPOINT WARNING * * *
The dire elephant simulacrum freezes you!!!
You die...

≈≈≈≈#... ≈≈≈≈≈#. ≈≈≈≈≈≈
## ≈≈≈≈## .. ≈≈≈≈≈##
##### .###
≈≈≈≈≈≈####...### ...##
≈######....#...## .⌠.?#
#..##.....####..###...#
###......## ##.@Z...#
######## ########


You could see a dire elephant simulacrum.

Vanquished Creatures
  3 boulder beetles
  Erica (D:10)
  4 hydras
  2 centaur warriors
  A death knight (D:11)
  2 catoblepae
  3 two-headed ogres
  A deep troll shaman (Lair:6)
  3 death yaks (Lair:6)
  Urug (Lair:1)
  A skeletal warrior (D:11)
  Sonja (D:10)
  A deep elf archer (Volcano)
  A lindwurm (Lair:6)
  A wizard (D:11)
  Pikel (D:7)
  An oklob plant (Lair:4)
  8 deep elf pyromancers (Volcano)
  A manticore (Lair:3)
  2 cyclopes
  8 black mambas
  10 elephants
  An ice statue (IceCv)
  A torpor snail (Lair:6)
  The ghost of Squirrel the Cleaver, a novice HOMo of Beogh (D:5)
  20 cane toads
  4 rime drakes
  3 kobold demonologists (D:10)
  12 komodo dragons
  Maggie (D:7)
  A freezing wraith (D:11)
  An anaconda simulacrum (IceCv)
  A wind drake (Lair:3)
  3 trolls
  A polar bear (Lair:6)
  31 blink frogs
  A wraith (D:11)
  9 wyverns
  Sigmund (D:5)
  3 basilisks (Lair:2)
  62 yaks
  A fire elemental (Volcano)
  A steam dragon (D:8)
  4 vampire mosquitoes (D:12)
  3 death yak simulacra (IceCv)
  A warg (D:10)
  4 nagas (Lair:4)
  19 water moccasins
  6 hell hounds (Volcano)
  Duvessa (D:5)
  10 orc warriors
  2 black bears
  2 ice beasts
  2 sky beasts
  The ghost of Iich the Cudgeller, an amateur MiBe of Trog (D:4)
  24 wolves
  A necrophage (D:5)
  2 centaurs
  A lemure (D:7)
  2 phantoms
  7 elf zombies (Ossuary)
  5 kobold brigands
  6 bullfrogs
  2 scorpions
  2 cane toad simulacra (IceCv)
  6 two-headed ogre simulacra (IceCv)
  Dowan (D:5)
  14 killer bees
  3 wights (D:6)
  An electric eel (Lair:5)
  A howler monkey (D:8)
  A vampire bat (D:5)
  5 centaur zombies
  3 jellies
  6 orc priests
  A bullfrog skeleton (D:6)
  A gnoll shaman (D:6)
  4 hounds
  3 human zombies (Ossuary)
  A centaur skeleton (D:6)
  3 iguanas
  9 orc wizards
  7 troll simulacra (IceCv)
  4 spriggan simulacra (IceCv)
  A polar bear simulacrum (IceCv)
  A wolf simulacrum (IceCv)
  3 mummies (Ossuary)
  3 howler monkey zombies
  6 adders
  7 gnolls
  A howler monkey skeleton (D:5)
  4 naga simulacra (IceCv)
  4 river rats (Sewer)
  4 white imps (IceCv)
  7 ufetubi
  3 worms
  A dart slug (D:4)
  49 orcs
  10 ball pythons
  2 bat skeletons (D:5)
  5 bat zombies (D:5)
  7 endoplasms
  2 giant cockroaches
  8 goblins
  11 hobgoblins
  4 jackals (D:1)
  25 kobolds
  A quokka (D:2)
  6 bats
  3 frilled lizards
  25 rats
600 creatures vanquished.

Vanquished Creatures (others)
  A black mamba (Lair:2)
  5 bushes
  18 fungi
  58 plants
82 creatures vanquished.

Grand Total: 682 creatures vanquished

Notes
Turn   | Place    | Note
-------+----------+-------------------------------------------
     0 | D:1      | pkoi the Draconian Monk began the quest for the Orb.
     0 | D:1      | Reached XP level 1. HP: 19/19 MP: 1/1
   336 | D:1      | Reached XP level 2. HP: 16/26 MP: 2/2
   637 | D:1      | Found a faded altar of an unknown god.
   805 | D:1      | Reached skill level 4 in Unarmed Combat
  1079 | D:1      | Found Isuuppan's Magic Scroll Emporium.
  1306 | D:2      | Reached XP level 3. HP: 31/31 MP: 3/3
  2506 | D:3      | Found Kocor's Magic Scroll Emporium.
  2772 | D:4      | Noticed an orc warrior
  2810 | D:3      | Reached XP level 4. HP: 18/38 MP: 4/4
  2996 | D:4      | Noticed a black bear
  3017 | D:3      | Killed a black bear
  3018 | D:3      | Reached skill level 6 in Unarmed Combat
  3018 | D:3      | Reached XP level 5. HP: 13/45 MP: 5/5
  3406 | D:3      | HP: 1/45 [orc (8)]
  3842 | D:4      | Found a white marble altar of Elyvilon.
  3846 | D:4      | Noticed a phantom
  3857 | D:4      | Killed a phantom
  4238 | D:4      | Found a staircase to the Ecumenical Temple.
  4339 | D:4      | Found an ornate altar of the Wu Jian Council.
  4383 | D:4      | Reached XP level 6. HP: 51/51 MP: 6/6
  4474 | Temple   | Entered the Ecumenical Temple
  4733 | Temple   | Became a worshipper of Warmaster Okawaru
  4733 | Temple   | Reached * piety under Okawaru
  4733 | Temple   | Reached ** piety under Okawaru
  5233 | D:4      | Found a runed translucent door.
  5234 | D:4      | Noticed Iich's ghost (amateur MiBe)
  5317 | D:5      | Entered Level 5 of the Dungeon
  5359 | D:5      | Reached skill level 1 in Invocations
  5466 | D:5      | Reached skill level 7 in Unarmed Combat
  5770 | D:5      | Identified the +10 dagger of Oreuj {venom, +Blink rF++ rC-
                  | Int+4}
  5873 | D:5      | Noticed Sigmund
  5889 | D:5      | Your scales start taking on a golden yellow colour.
  5889 | D:5      | Reached XP level 7. HP: 49/57 MP: 8/8
  5889 | D:5      | Gained mutation: You are resistant to acid. (rCorr) [Yellow
                  | Draconian growth]
  5893 | D:5      | Killed Sigmund
  6043 | D:5      | Found a stormy altar of Qazlal.
  6120 | D:5      | Found an ancient bone altar of Kikubaaqudgha.
  6180 | D:5      | Noticed Dowan
  6182 | D:5      | Noticed Duvessa
  6197 | D:5      | Killed Duvessa
  6199 | D:5      | Killed Dowan
  6199 | D:5      | Reached *** piety under Okawaru
  6200 | D:5      | Reached skill level 8 in Unarmed Combat
  6581 | D:5      | Identified the +9 dagger of the Slashing Fool {vamp, rF+
                  | rC+ Int-2 SInv}
  6581 | D:5      | Identified the +1 leather armour "Huowam" {rF+ Str+2}
  6587 | D:5      | Found a runed translucent gate.
  6587 | D:5      | Found a runed translucent gate.
  6587 | D:5      | Noticed Squirrel's ghost (novice HOMo)
  6588 | D:5      | Found a runed translucent gate.
  6702 | D:6      | Identified a scroll of acquirement
  6702 | D:6      | Acquired a manual of Fighting
  6751 | D:6      | Found a glowing drain.
  6781 | Sewer    | Entered a sewer
  6899 | Sewer    | Reached XP level 8. HP: 12/66 MP: 10/10
  8124 | D:1      | Bought a scroll of identify for 22 gold pieces
  8124 | D:1      | Bought a scroll of fog for 22 gold pieces
  8124 | D:1      | Bought a scroll of identify for 22 gold pieces
  8131 | D:1      | Reached skill level 14 in Unarmed Combat
  8131 | D:1      | Reached XP level 9. HP: 72/72 MP: 11/11
  8399 | D:6      | Found a shimmering blue altar of Sif Muna.
  8481 | D:6      | Found the +3 warlock's mirror {reflect}
  8533 | D:6      | Found a shadowy altar of Dithmenos.
  9107 | D:6      | Reached skill level 1 in Shields
  9574 | D:7      | Identified the +7 hand axe of Modesty {freeze, rC+ Int+3
                  | Dex+7 Stlth-}
  9618 | D:7      | Noticed Pikel
  9630 | D:7      | Killed Pikel
  9630 | D:7      | Reached **** piety under Okawaru
  9714 | D:7      | Reached skill level 5 in Fighting
  9716 | D:7      | Received a gift from Okawaru
 10235 | D:7      | Found a sand-covered staircase.
 10243 | Ossuary  | Entered an ossuary
 10264 | Ossuary  | Reached skill level 5 in Dodging
 10288 | Ossuary  | Reached skill level 1 in Spellcasting
 10301 | Ossuary  | Reached XP level 10. HP: 60/81 MP: 12/12
 10501 | Ossuary  | Reached skill level 1 in Throwing
 10622 | D:7      | Learned a level 3 spell: Mephitic Cloud
 10629 | D:7      | Noticed Maggie
 10650 | D:7      | Killed Maggie
 11160 | D:8      | Found a sacrificial altar of Ru.
 11329 | D:8      | Reached skill level 1 in Air Magic
 11338 | D:8      | Reached ***** piety under Okawaru
 11755 | D:8      | Acquired 979 gold pieces
 11757 | D:8      | Acquired the amulet "Tusueky" {rElec Regen+ Stlth+}
 11796 | D:8      | Reached skill level 1 in Conjurations
 11796 | D:8      | Reached skill level 1 in Poison Magic
 12237 | D:9      | Found a runed translucent gate.
 12237 | D:9      | Found a runed translucent gate.
 12237 | D:9      | Found a runed translucent gate.
 12287 | D:9      | Noticed zeram's ghost (novice SpHu)
 12603 | D:9      | Received a gift from Okawaru
 12710 | D:9      | Reached XP level 11. HP: 91/91 MP: 14/14
 13239 | D:10     | Entered Level 10 of the Dungeon
 13242 | D:10     | Noticed a two-headed ogre
 13252 | D:10     | Killed a two-headed ogre
 13291 | D:10     | Noticed a centaur warrior
 13301 | D:10     | Killed a centaur warrior
 13465 | D:10     | Found a staircase to the Orcish Mines.
 13788 | D:10     | Found a hazy altar of Hepliaklqana.
 13942 | D:10     | Noticed Erica
 13950 | D:10     | Killed Erica
 14069 | D:10     | Found a staircase to the Lair.
 14120 | D:10     | Received a gift from Okawaru
 14210 | D:10     | Identified the +6 dire flail "Earthworm" {freeze, rCorr
                  | Dex-2 Stlth+} (Okawaru gifted it to you on level 10 of the
                  | Dungeon)
 14210 | D:10     | Received a gift from Okawaru
 14262 | D:10     | Noticed Sonja
 14274 | D:10     | Killed Sonja
 14487 | D:11     | Noticed a centaur warrior
 14493 | D:11     | Identified the +1 rapier "Beetlebane" {drain, rF+}
 14511 | D:11     | Killed a centaur warrior
 14512 | D:11     | Reached XP level 12. HP: 84/103 MP: 16/18
 14513 | D:11     | Noticed a death knight
 14558 | D:11     | Killed a death knight
 14619 | D:11     | Noticed a boulder beetle
 14634 | D:11     | Killed a boulder beetle
 14704 | Lair:1   | Entered Level 1 of the Lair of Beasts
 14704 | Lair:1   | Noticed Urug
 15006 | D:10     | Received a gift from Okawaru
 15195 | Lair:1   | Reached skill level 15 in Unarmed Combat
 15206 | D:10     | HP: 5/106 [poisoned by a cane toad]
 15207 | D:10     | HP: 2/106 [poisoned by a cane toad]
 15405 | Lair:1   | Killed Urug
 15406 | Lair:1   | Reached skill level 10 in Fighting
 16282 | Lair:1   | Noticed an ice dragon
 16928 | Lair:2   | Noticed a four-headed hydra
 16941 | Lair:2   | Killed a four-headed hydra
 16941 | Lair:2   | Identified the +1 pair of boots of Weirdness {-Cast Will+
                  | Dex+7} (Okawaru gifted it to you on level 2 of the Lair of
                  | Beasts)
 16941 | Lair:2   | Received a gift from Okawaru
 17449 | Lair:2   | Reached XP level 13. HP: 83/117 MP: 19/19
 18665 | Lair:3   | Found a staircase to the Shoals.
 18736 | Lair:3   | Received a gift from Okawaru
 19355 | Lair:4   | Found a staircase to the Snake Pit.
 19758 | Lair:4   | Reached skill level 16 in Unarmed Combat
 19758 | Lair:4   | Found a hazy altar of Hepliaklqana.
 20363 | Lair:5   | Received a gift from Okawaru
 20983 | D:5      | Killed Squirrel's ghost
 21362 | D:4      | Killed Iich's ghost
 21605 | Lair:6   | Entered Level 6 of the Lair of Beasts
 21605 | Lair:6   | Found a viscous altar of Jiyva.
 21605 | Lair:6   | Found a staircase to the Slime Pits.
 21653 | Lair:6   | Reached skill level 10 in Dodging
 21719 | Lair:6   | Identified the +8 great sword "Evykas Axil" {protect,
                  | +Blink Will+ Stlth+}
 21739 | Lair:6   | Found a dark tunnel.
 21741 | Lair:6   | Got Heneeb's Disquisition on the Hurtful Compass
 21757 | Volcano  | Entered a volcano
 21806 | Volcano  | Gained mutation: You have acidic saliva. [Yellow Draconian
                  | growth]
 21806 | Volcano  | Reached XP level 14. HP: 123/132 MP: 18/20
 21816 | Volcano  | Received a gift from Okawaru
 21966 | Volcano  | Learned a level 5 spell: Silence
 22007 | Volcano  | Received a gift from Okawaru
 22012 | Volcano  | Reached skill level 5 in Throwing
 22192 | Lair:5   | Identified the +10 flail "Jellyslayer" {protect, rElec
                  | Str+2}
 22246 | Lair:6   | Reached skill level 1 in Hexes
 22565 | Lair:6   | Acquired 685 gold pieces
 22884 | D:1      | Bought a scroll of acquirement for 572 gold pieces
 22884 | D:1      | Bought a scroll of teleportation for 33 gold pieces
 22884 | D:1      | Bought a scroll of teleportation for 33 gold pieces
 22884 | D:1      | Acquired 1000 gold pieces
 22886 | D:1      | Bought a scroll of magic mapping for 38 gold pieces
 22886 | D:1      | Bought a scroll of fear for 38 gold pieces
 23191 | Lair:6   | Reached skill level 5 in Air Magic
 23221 | Lair:5   | Reached skill level 5 in Spellcasting
 23305 | Lair:6   | Received a gift from Okawaru
 23310 | Lair:6   | Reached ****** piety under Okawaru
 23380 | Lair:6   | Received a gift from Okawaru
 23758 | Lair:6   | Identified the +2 cloak "Fomnyr" {rElec rCorr Int-5 Stlth+}
                  | (Okawaru gifted it to you on level 6 of the Lair of Beasts)
 23758 | Lair:6   | Received a gift from Okawaru
 24400 | D:11     | Found Todotuu's Book Shoppe.
 24439 | D:11     | Bought a book of Transfigurations for 600 gold pieces
 24445 | D:11     | Learned a level 5 spell: Blade Hands
 24535 | D:11     | Found Zeptyn's Assorted Antiques.
 24647 | D:11     | Found Osannoj's General Store.
 24654 | D:11     | Bought a scroll of blinking for 105 gold pieces
 24891 | D:12     | Reached skill level 1 in Transmutations
 24901 | D:12     | Found a frozen archway.
 24910 | IceCv    | Entered an ice cave
 25760 | IceCv    | Annihilated by a dire elephant simulacrum

Illustrated notes

Levels and vault maps discovered:
D:1:      dpeg_arrival_lava_altar, layout_basic, ebering_ecumenical_altar_box,
          serial_shops, shop
D:2:      layout_basic
D:3:      layout_basic, serial_shops, shop
D:4:      layout_cave_pods, nicolae_wu_jian_immortal_techniques,
          elyvilon_altar_1, temple_doors_e, ebering_ghost_inner_flame
D:5:      layout_loops_corners, kennysheep_vampire_church,
          nicolae_qazlal_general_emergency, biasface_ghost_orc_armoury,
          uniq_duvessa, uniq_sigmund
D:6:      layout_layer_cave, nicolae_dithmenos_shadow_blocks,
          mainiacjoe_overflow_boulevard, portal_sewer_entry_b
D:7:      layout_basic, nicolae_ossuary_entry_ruins, uniq_pikel, uniq_maggie
D:8:      black_bear_nest_1, layout_basic, mainiacjoe_overflow_paths,
          minmay_circle_x
D:9:      layout_roguey [special_room_orc], gammafunk_ghost_icy,
          small_statue_intersection
D:10:     layout_basic, nzn_hepliaklqana_mist_gate, minmay_lair_entry_grove,
          david_orc_3, uniq_erica, uniq_sonja
D:11:     layout_loops_ring, serial_shops, nicolae_shop_window_shopping,
          nicolae_shop_stone, nicolae_diamond_shop
D:12:     layout_long_grid, portal_ice_cave_entry_pillars_2, uniq_psyche,
          uniq_erolcha
Temple:   minmay_temple_curvy_branch
Lair:1:   dragon1_lemuel, layout_cave_pods, st_stairs_7, beast_lair_carwin_6,
          uniq_urug
Lair:2:   layout_regular_city, minmay_shattered_shrine, grunt_megastairs_5
Lair:3:   layout_long_grid, minmay_shoals_entry_beasts
Lair:4:   layout_roguey, minmay_snake_entry_guardpost_small, basic_altar
Lair:5:   layout_regular_city, serial_bayou_shore_a, grunt_megastairs_4
Lair:6:   grunt_lair_end_beastmaster, layout_gridlike, slime_altar_1,
          nicolae_volcano_entry_lava_flow
IceCv:    ice_cave_caverns_02

Skill      XL: |  1  2  3  4  5  6  7  8  9 10 11 12 13 14 |
---------------+-------------------------------------------+-----
Unarmed Combat | 4 6 7 8 14 15 16 | 16.9
Dodging        | 3 4 5 6 8 10 | 10.9
Invocations    | 1 3 4 |  4.5
Fighting       | 4 5 6 8 11 14 | 14.0
Shields        | 4 |  4.0
Spellcasting   | 1 2 4 5 |  5.6
Throwing       | 2 3 4 6 |  6.4
Air Magic      | 2 4 5 |  5.9
Conjurations   | 1 4 |  4.3
Poison Magic   | 2 4 |  4.2
Hexes          | 3 |  3.4
Transmutations | 1 |  1.5
Stealth        | |  1.7

Action                   |  1- 3 |  4- 6 |  7- 9 | 10-12 | 13-15 || total
-------------------------+-------+-------+-------+-------+-------++-------
Melee: Unarmed           |   186 |   119 |    97 |   827 |   783 ||  2012
       Tailslap          |    21 |    15 |    38 |   134 |   158 ||   366
       Dagger            |       |    18 |   186 |    61 |    88 ||   353
       Bite              |       |       |       |       |    76 ||    76
Throw: Dart              |       |       |       |    22 |    35 ||    57
Invok: Heroism           |       |       |     1 |    20 |    25 ||    46
 Abil: Breathe Acid      |       |       |     5 |     7 |     9 ||    21
Evoke: Wand              |       |       |       |     1 |     5 ||     6
  Use: Scroll            |     7 |     1 |     7 |     7 |     4 ||    26
       Potion            |       |       |     8 |     1 |       ||     9
 Stab: Sleeping          |     3 |     2 |     3 |    13 |     8 ||    29
       Distracted        |       |       |       |       |     5 ||     5
Armor: Skin              |    45 |    48 |   109 |   143 |   173 ||   518
Dodge: Dodged            |    84 |    87 |   177 |   344 |   556 ||  1248
Block: Buckler           |    27 |    35 |    98 |   263 |   344 ||   767
       Reflection        |       |       |       |    12 |     8 ||    20
